NWL (28 & UNDER)
SAN DIEGO SMASHERS @ BISMARK BORDER GUARDS
07/02/2023
 
TOP OF THE 1ST
San Diego Smashers batting - Pitching for Bismark Border Guards : RHP Mike Pierce
Pitching: RHP Mike Pierce
Batting: RHB Luis Peña 0-0: Called Strike
0-1: Ground out 5-3 (Groundball, 5S)
Batting: RHB Cisco Gatán 0-0: Ball
1-0: Ball
2-0: Ball
3-0: Base on Balls
Batting: LHB António Glaviz 0-0: Ball
1-0: Fly out, F9 (Line Drive, 89M)
Batting: LHB Jeffrey Bascombe 0-0: Ball
1-0: Foul Ball, location: 2F
1-1: Called Strike
1-2: Strikes out swinging
Top of the 1st over - 0 run(s), 0 hit(s), 0 error(s), 1 left on base; San Diego 0 - Bismark 0
BOTTOM OF THE 1ST
Bismark Border Guards batting - Pitching for San Diego Smashers : LHP John Lawson
Pitching: LHP John Lawson
Batting: LHB Nelson Peña 0-0: Ball
1-0: Foul Ball, location: 2F
1-1: Foul Ball, location: 2F
1-2: Ball
2-2: Foul Ball, location: 2F
2-2: Ball
3-2: Foul Ball, location: 2F
3-2: Foul Ball, location: 2F
3-2: Strikes out looking
Batting: RHB Mike Wright 0-0: Ball
1-0: Swinging Strike
1-1: SOLO HOME RUN (Line Drive, 78XD), Distance : 406 ft
Batting: LHB Juan Viera 0-0: Ball
1-0: Ball
2-0: Swinging Strike
2-1: SINGLE (Groundball, 34D) (infield hit)
Batting: RHB Carlos MacKinney 0-0: Ball
1-0: Foul Ball, location: 2F
1-1: Grounds into double play, U4-3 (Groundball, 4M)
Bottom of the 1st over - 1 run(s), 2 hit(s), 0 error(s), 0 left on base; San Diego 0 - Bismark 1
TOP OF THE 2ND
San Diego Smashers batting - Pitching for Bismark Border Guards : RHP Mike Pierce
Batting: LHB Pedro Cruz 0-0: Ball
1-0: Ball
2-0: Ground out 4-3 (Groundball, 4M)
Batting: LHB Alfredo Fernández 0-0: Ball
1-0: Fly out, F8 (Flyball, 8RM)
Batting: RHB Francisco Castillo 0-0: Foul Ball, location: 2F
0-1: Swinging Strike
0-2: Foul Ball, location: 2F
0-2: Foul Ball, location: 2F
0-2: Ball
1-2: Ball
2-2: Strikes out swinging
Top of the 2nd over - 0 run(s), 0 hit(s), 0 error(s), 0 left on base; San Diego 0 - Bismark 1
BOTTOM OF THE 2ND
Bismark Border Guards batting - Pitching for San Diego Smashers : LHP John Lawson
Batting: RHB Salvador Borbón 0-0: Ball
1-0: Ball
2-0: Ball
3-0: Called Strike
3-1: Base on Balls
Batting: LHB Jim Jensen 0-0: Ball
1-0: Fielders Choice at 2nd, 4-6 (Groundball, 34)
Batting: RHB José Cintrón 0-0: Called Strike
0-1: Ball
1-1: Foul Ball, location: 2F
1-2: Foul Ball, location: 2F
1-2: Strikes out looking
Batting: LHB John Summers 0-0: Ball
1-0: Foul Ball, location: 2F
1-1: Foul Ball, location: 2F
1-2: Ground out 6-3 (Groundball, 6)
Bottom of the 2nd over - 0 run(s), 0 hit(s), 0 error(s), 1 left on base; San Diego 0 - Bismark 1
TOP OF THE 3RD
San Diego Smashers batting - Pitching for Bismark Border Guards : RHP Mike Pierce
Now at SS: Dani Rodríguez
Batting: RHB Miguel Moreno 0-0: Ball
1-0: Called Strike
1-1: Ground out 4-3 (Groundball, 34)
Batting: RHB Justin Burgess 0-0: Ball
1-0: Foul Ball, location: 2F
1-1: Foul Ball, location: 2F
1-2: Ground out 6-3 (Groundball, 6M)
Batting: RHB Luis Peña 0-0: Called Strike
0-1: Foul Ball, location: 2F
0-2: Ball
1-2: Ball
2-2: Foul Ball, location: 2F
2-2: Ground out 6-3 (Groundball, 6)
Top of the 3rd over - 0 run(s), 0 hit(s), 0 error(s), 0 left on base; San Diego 0 - Bismark 1
BOTTOM OF THE 3RD
Bismark Border Guards batting - Pitching for San Diego Smashers : LHP John Lawson
Batting: RHB Henry Paul 0-0: Ball
1-0: Swinging Strike
1-1: Swinging Strike
1-2: Foul Ball, location: 2F
1-2: Fly out, F7 (Line Drive, 7S)
Batting: LHB Nelson Peña 0-0: Foul Ball, location: 2F
0-1: Ground out 5-3 (Groundball, 56)
Batting: RHB Mike Wright 0-0: Called Strike
0-1: Ball
1-1: Swinging Strike
1-2: Ball
2-2: Ball
3-2: Foul Ball, location: 2F
3-2: Foul Ball, location: 2F
3-2: Ground out 6-3 (Groundball, 6)
Bottom of the 3rd over - 0 run(s), 0 hit(s), 0 error(s), 0 left on base; San Diego 0 - Bismark 1
TOP OF THE 4TH
San Diego Smashers batting - Pitching for Bismark Border Guards : RHP Mike Pierce
Batting: RHB Cisco Gatán 0-0: Called Strike
0-1: Foul Ball, location: 2F
0-2: Ball
1-2: Strikes out swinging
Batting: LHB António Glaviz 0-0: Foul Ball, location: 2F
0-1: Foul Ball, location: 2F
0-2: Foul Ball, location: 2F
0-2: Ball
1-2: Strikes out swinging
Batting: LHB Jeffrey Bascombe 0-0: Foul Ball, location: 2F
0-1: Ball
1-1: Called Strike
1-2: Fly out, F6 (Popup, 6MD)
Top of the 4th over - 0 run(s), 0 hit(s), 0 error(s), 0 left on base; San Diego 0 - Bismark 1
BOTTOM OF THE 4TH
Bismark Border Guards batting - Pitching for San Diego Smashers : LHP John Lawson
Batting: LHB Juan Viera 0-0: Foul Ball, location: 2F
0-1: Ball
1-1: Ball
2-1: Ball
3-1: Foul Ball, location: 2F
3-2: SOLO HOME RUN (Flyball, 7D), Distance : 390 ft
Batting: RHB Carlos MacKinney 0-0: Ball
1-0: Ground out 6-3 (Groundball, 6)
Batting: RHB Dani Rodríguez 0-0: Foul Ball, location: 2F
0-1: Ball
1-1: Foul Ball, location: 2F
1-2: Foul Ball, location: 2F
1-2: Foul Ball, location: 2F
1-2: Ball
2-2: Ball
3-2: Foul Ball, location: 2F
3-2: Foul Ball, location: 2F
3-2: Strikes out swinging
Batting: LHB Jim Jensen 0-0: Swinging Strike
0-1: Ball
1-1: SINGLE (Groundball, 4MD)
Batting: RHB José Cintrón 0-0: Called Strike
0-1: Fly out, F9 (Flyball, 9LMF)
Bottom of the 4th over - 1 run(s), 2 hit(s), 0 error(s), 1 left on base; San Diego 0 - Bismark 2
TOP OF THE 5TH
San Diego Smashers batting - Pitching for Bismark Border Guards : RHP Mike Pierce
Batting: LHB Pedro Cruz 0-0: Called Strike
0-1: Ball
1-1: Called Strike
1-2: Foul Ball, location: 2F
1-2: Ball
2-2: Fly out, F7 (Flyball, 7M)
Batting: LHB Alfredo Fernández 0-0: Ball
1-0: Ground out 3-1 (Groundball, 3L)
Batting: RHB Francisco Castillo 0-0: Called Strike
0-1: Ground out 6-3 (Groundball, 6S)
Top of the 5th over - 0 run(s), 0 hit(s), 0 error(s), 0 left on base; San Diego 0 - Bismark 2
BOTTOM OF THE 5TH
Bismark Border Guards batting - Pitching for San Diego Smashers : LHP John Lawson
Batting: LHB John Summers 0-0: Called Strike
0-1: Ball
1-1: Foul Ball, location: 2F
1-2: Ground out 6-3 (Groundball, 6)
Batting: RHB Henry Paul 0-0: Ball
1-0: Ball
2-0: Foul Ball, location: 2F
2-1: SINGLE (Line Drive, 9LM)
Batting: LHB Nelson Peña 0-0: Called Strike
0-1: Swinging Strike
0-2: Ball
1-2: Foul Ball, location: 2F
1-2: Strikes out swinging
Batting: RHB Mike Wright 0-0: Fly out, F3 (Popup, 3SF)
Bottom of the 5th over - 0 run(s), 1 hit(s), 0 error(s), 1 left on base; San Diego 0 - Bismark 2
TOP OF THE 6TH
San Diego Smashers batting - Pitching for Bismark Border Guards : RHP Mike Pierce
Batting: RHB Miguel Moreno 0-0: Called Strike
0-1: Foul Ball, location: 2F
0-2: Fly out, F9 (Flyball, 89XD)
Batting: RHB Justin Burgess 0-0: SINGLE (Groundball, 4MD)
Batting: RHB Luis Peña 0-0: Called Strike
Pickoff Throw by Catcher to First - Out!
0-1: Ball
1-1: Ball
2-1: Ground out 6-3 (Groundball, 6M)
Top of the 6th over - 0 run(s), 1 hit(s), 0 error(s), 0 left on base; San Diego 0 - Bismark 2
BOTTOM OF THE 6TH
Bismark Border Guards batting - Pitching for San Diego Smashers : LHP John Lawson
Batting: LHB Juan Viera 0-0: Ball
1-0: Ball
2-0: Called Strike
2-1: Fly out, F2 (Popup, 2RF)
Batting: RHB Carlos MacKinney 0-0: Foul Ball, location: 2F
0-1: Ball
1-1: Ground out 6-3 (Groundball, 6)
Batting: RHB Dani Rodríguez 0-0: Fly out, F9 (Flyball, 8RS)
Bottom of the 6th over - 0 run(s), 0 hit(s), 0 error(s), 0 left on base; San Diego 0 - Bismark 2
TOP OF THE 7TH
San Diego Smashers batting - Pitching for Bismark Border Guards : RHP Mike Pierce
Batting: RHB Cisco Gatán 0-0: Ball
1-0: Ground out 4-3 (Groundball, 13)
Batting: LHB António Glaviz 0-0: Called Strike
0-1: Reached on error, E4 (Groundball, 34)
Batting: LHB Jeffrey Bascombe 0-0: Called Strike
0-1: Ball
1-1: Foul Ball, location: 2F
1-2: Grounds into double play, 1-4-3 (Groundball, 23)
Top of the 7th over - 0 run(s), 0 hit(s), 1 error(s), 0 left on base; San Diego 0 - Bismark 2
BOTTOM OF THE 7TH
Bismark Border Guards batting - Pitching for San Diego Smashers : LHP John Lawson
Pitching: LHP Javier Duarte
Batting: LHB Jim Jensen 0-0: Called Strike
0-1: Swinging Strike
0-2: Ball
1-2: Ball
2-2: Foul Ball, location: 2F
2-2: Strikes out swinging
Batting: RHB José Cintrón 0-0: Ball
1-0: Ball
2-0: Called Strike
2-1: Swinging Strike
2-2: Foul Ball, location: 2F
2-2: Ball
3-2: Ground out 6-3 (Groundball, 6M)
Batting: LHB John Summers 0-0: Called Strike
0-1: Ball
1-1: Swinging Strike
1-2: SINGLE (Line Drive, 7S)
Batting: RHB Henry Paul 0-0: Called Strike
0-1: Foul Ball, location: 2F
0-2: Foul Ball, location: 2F
0-2: Ball
1-2: Ball
2-2: Foul Ball, location: 2F
2-2: Foul Ball, location: 2F
2-2: Ground out 5-3 (Groundball, 5)
Bottom of the 7th over - 0 run(s), 1 hit(s), 0 error(s), 1 left on base; San Diego 0 - Bismark 2
TOP OF THE 8TH
San Diego Smashers batting - Pitching for Bismark Border Guards : RHP Mike Pierce
Batting: LHB Pedro Cruz 0-0: Ball
1-0: Ground out 4-3 (Groundball, 4)
Batting: LHB Alfredo Fernández 0-0: Ball
1-0: Ball
2-0: Ball
3-0: Called Strike
3-1: Called Strike
3-2: Base on Balls
Batting: RHB Francisco Castillo 0-0: Ball
1-0: Ball
2-0: Ball
3-0: Called Strike
3-1: Foul Ball, location: 2F
3-2: Fielders Choice at 2nd, 1-4 (Groundball, 13S)
Batting: RHB Miguel Moreno 0-0: Called Strike
0-1: Ball
1-1: Swinging Strike
1-2: Foul Ball, location: 2F
1-2: Ball
2-2: Strikes out swinging
Top of the 8th over - 0 run(s), 0 hit(s), 0 error(s), 1 left on base; San Diego 0 - Bismark 2
BOTTOM OF THE 8TH
Bismark Border Guards batting - Pitching for San Diego Smashers : LHP Javier Duarte
Batting: LHB Nelson Peña 0-0: Ball
1-0: Called Strike
1-1: Swinging Strike
1-2: Ball
2-2: Ball
3-2: Ground out 1-3 (Groundball, 13)
Batting: RHB Mike Wright 0-0: Ball
1-0: Called Strike
1-1: Ball
2-1: Swinging Strike
2-2: Ball
3-2: Foul Ball, location: 2F
3-2: Base on Balls
Pitching: RHP Alberto Ortega
Batting: LHB Juan Viera 0-0: Ball
1-0: SINGLE (Groundball, 34)
Mike Wright to second
Runner from 2nd tries for 3rd, SAFE, no throw or cutoff
Batting: RHB Carlos MacKinney 0-0: Called Strike
0-1: Fly out, F1 (Line Drive, 13)
0-1: Lined into DP, 1-3 (Line Drive, 13)
Bottom of the 8th over - 0 run(s), 1 hit(s), 0 error(s), 1 left on base; San Diego 0 - Bismark 2
TOP OF THE 9TH
San Diego Smashers batting - Pitching for Bismark Border Guards : RHP Mike Pierce
Pitching: RHP Dustin Newman
Batting: RHB Justin Burgess 0-0: SINGLE (Groundball, 56)
Pinch Hitting: LHB Bob Cunningham 0-0: Foul Ball, location: 2F
0-1: Ball
1-1: SINGLE (Groundball, 3D)
Justin Burgess to second
Runner from 2nd tries for 3rd, SAFE, throw made to third
Pinch Hitting: LHB Noriaki Sangi 0-0: Ball
1-0: Called Strike
1-1: Called Strike
1-2: Strikes out swinging
Batting: LHB António Glaviz 0-0: Ball
1-0: DOUBLE (Flyball, 89D)
Justin Burgess scores
Bob Cunningham to third
Runner from 3rd tries for Home, throw and OUT!
António Glaviz to third
Batting: LHB Jeffrey Bascombe 0-0: Ball
1-0: Ball
2-0: Foul Ball, location: 2F
2-1: Ball
3-1: Foul Ball, location: 2F
3-2: 2-RUN HOME RUN (Flyball, 9D), Distance : 363 ft
Batting: LHB Pedro Cruz 0-0: SINGLE (Line Drive, 56)
Pinch Hitting: LHB Mario Olivares 0-0: Ball
1-0: Swinging Strike
1-1: Ball
2-1: Called Strike
2-2: Ball
3-2: Strikes out swinging
Top of the 9th over - 3 run(s), 5 hit(s), 0 error(s), 1 left on base; San Diego 3 - Bismark 2
BOTTOM OF THE 9TH
Bismark Border Guards batting - Pitching for San Diego Smashers : RHP Alberto Ortega
Pitching: RHP Mark Ross
Now at C: Jaime Rodríguez
Now at 1B: Noriaki Sangi
Now at 2B: José González
Now in CF: Bob Cunningham
Now in RF: Yoshitoki Kouda
Pinch Hitting: LHB Colin Ives 0-0: Called Strike
0-1: Called Strike
0-2: Ball
1-2: SINGLE (Flyball, 8LS)
Batting: LHB Jim Jensen 0-0: Ball
1-0: Ball
2-0: Bunted foul
2-1: Sac Bunt - play at first, batter OUT! 1-4
Colin Ives to second
Pinch Hitting: LHB Melvin White 0-0: Called Strike
0-1: Foul Ball, location: 2F
0-2: Strikes out swinging
Pinch Hitting: LHB Rusty Herbert 0-0: Ball
1-0: Ball
2-0: Ball
3-0: Called Strike
3-1: Called Strike
3-2: Base on Balls
Batting: RHB Henry Paul 0-0: Ball
1-0: Called Strike
1-1: Ball
2-1: Swinging Strike
2-2: Strikes out looking
Bottom of the 9th over - 0 run(s), 1 hit(s), 0 error(s), 2 left on base; San Diego 3 - Bismark 2
This league is powered by Out of the Park Baseball, the baseball management simulation game for PC, Mac and Linux
Wednesday, December 2nd, 2015 - OOTP Baseball 16.8 Build 38